AoeStats
← FireGoat

Arena

510345690Analyzed
1v1 RM · 3d ago on Sep 30, 2026· 30m 47s· 2 players
Game mode
Random Map
Map size
Tiny (2 player)
Population
200
Speed
Normal
Resources
Standard
Victory
Conquest
Starting age
Dark Age
Ending age
Imperial Age
RankedLock teamsTeams togetherTeam positionsShared explorationLock speedFull tech treeHidden civsTurbo modeCheats
Victory
Defeat
🇨🇳 Saxons · China
1449
+16
🇹🇼 Armenians · Taiwan
1446
-16
舅舅的奇妙冒險
10:34 Feudal Age
14:56 Castle Age
13:11 Double-Bit Axe
13:20 Horse Collar
13:53 Gold Mining
17:31 Sanctity
17:24 Fervor
18:24 Loom
18:24 Town Watch
24:25 Forging
25:10 Scale Mail Armor
FireGoat
10:02 Feudal Age
13:39 Castle Age
11:50 Double-Bit Axe
13:17 Loom
14:47 Bow Saw
20:42 Scale Mail Armor
23:29 Sanctity
23:07 Herbal Medicine
23:19 Horse Collar
27:05 Stone Mining
27:20 Clerical Recruitment
Connection lost

Rejoining the realm…

Still unreachable

The connection could not be restored.

Session expired

The server has moved on; the page needs a fresh start.